 Dungeon Crawl Stone Soup version 0.23.1-37-gaa34b87b72 (webtiles) character file.

Game seed: 1834788668134222138

536 PikkenKukken the Ducker (level 7, -2/37 HPs)
             Began as a Spriggan Berserker on Mar 24, 2019.
             Was a Believer of Trog.
             Slain by an orc
             ... wielding a +0 trident
              (9 damage)
             ... on level 4 of the Dungeon.
             The game lasted 00:10:06 (3884 turns).

PikkenKukken the Ducker (Spriggan Berserker)        Turns: 3884, Time: 00:10:07

Health: -2/37      AC:  2    Str: 14    XL:     7   Next: 4%
Magic:  8/8        EV: 23    Int:  9    God:    Trog [**....]
Gold:   273        SH:  0    Dex: 18    Spells: 6/6 levels left

rFire    . . .     SeeInvis +   a - +0 short sword
rCold    . . .     Gourm    .   (shield restricted)
rNeg     . . .     Faith    .   b - +0 animal skin
rPois    .         Spirit   .   (helmet restricted)
rElec    .         Reflect  .   (no cloak)
rCorr    .         Harm     .   (gloves unavailable)
MR       +....                  (boots unavailable)
Stlth    +++.......             (no amulet)
HPRegen  0.12/turn              (no ring)
MPRegen  0.11/turn              k - +2 ring of dexterity

@: very quick
A: very small, unfitting armour, see invisible, herbivore, speed 3, slow
metabolism 2
a: Berserk, Trog's Hand, Renounce Religion


You were on level 4 of the Dungeon.
You worshipped Trog.
Trog was pleased with you.
You were not hungry.

You visited 1 branch of the dungeon, and saw 4 of its levels.

You collected 273 gold pieces.

Inventory:

Hand Weapons
 a - a +0 short sword (weapon)
Armour
 b - a +0 animal skin (worn)
Jewellery
 k - a +2 ring of dexterity (right hand)
Scrolls
 c - a scroll of enchant weapon {unknown}
 e - a scroll of identify
 f - 2 scrolls of teleportation
 g - 2 scrolls of random uselessness {unknown}
 j - 3 scrolls of remove curse
 l - a scroll of amnesia {unknown}
 n - a scroll of magic mapping {unknown}
Potions
 d - a potion of brilliance
 h - a potion of mutation
 i - a potion of cancellation {unknown}
 m - a potion of ambrosia {unknown}
 o - a potion of invisibility {unknown}


   Skills:
 + Level 4.0 Fighting
 + Level 5.3 Short Blades
 + Level 7.0 Dodging
 + Level 5.1 Stealth


You had 6 spell levels left.
You didn't know any spells.
Your spell library was empty.

Dungeon Overview and Level Annotations

Branches:
Dungeon (4/15)
 Temple: D:4-7

Altars:
Ashenzari
Trog
Yredelemnul

Annotations:
D:3 2 runed translucent doors, exclusion: door, wpisznazwe's ghost, amateur DsGl


Innate Abilities, Weirdness & Mutations

You are very small and have problems with some larger weapons.
You are too small for most types of armour.
You have supernaturally acute eyesight. (SInv)
You are a herbivore.
You cover ground extremely quickly.
You need to consume almost no food.


Message History

The orc misses you.
The orc wizard casts a spell.
The orc wizard blinks!
You barely miss the orc. The orc completely misses you.
You hit the orc but do no damage. The orc hits you with a +0 club.
* * * LOW HITPOINT WARNING * * *
You barely miss the orc. The orc misses you. The orc barely misses you.
You barely miss the orc. The orc completely misses you.
You hit the orc.
The orc is heavily wounded.
The orc hits you with a +0 club.
* * * LOW HITPOINT WARNING * * *
You hit the orc.
You kill the orc!
Trog accepts your kill. The orc closely misses you.
You puncture the quokka skeleton!
The quokka skeleton is almost destroyed.
The orc hits you from afar with a +0 trident!
You die...

#.# #..##.#.# #..# ## #.###
#..##.#.# #[.# .####.#.#
#..##.#.#. #..# ........#
#..##.# #.# #..# ........#
#..##.# ...#..#
........#####..##.#.###.#.###
...............##.#.........#
........######.##.#####.#.###
........# #...Z@.....#.#.#
........# #.#o######.# #.#
........# #.o..Z...# #.#
........# #.....##.# #.#
.####.### #..o...# #.# ## #.#
#..ยง#.o.. #.# .# #......#.#
#.# ...#...#.# #.# .... ....
# #.#


You could see an orc wizard, an orc and a quokka skeleton.

Vanquished Creatures
  A phantom (D:4)
  An ogre (D:2)
  A scorpion (D:3)
  A hound (D:4)
  An orc priest (D:3)
  A bullfrog skeleton (D:2)
  2 worker ants (D:4)
  A killer bee zombie (D:3)
  6 adders
  An ooze (D:2)
  5 worms
  2 dart slugs
  5 leopard geckos
  9 orcs
  2 ball pythons
  5 bats
  2 giant cockroaches
  7 goblins
  5 hobgoblins
  6 kobolds
  A quokka (D:3)
  11 frilled lizards
  8 rats
  A spectral orc (D:3)
85 creatures vanquished.

Notes
Turn   | Place    | Note
-------+----------+-------------------------------------------
     0 | D:1      | PikkenKukken the Spriggan Berserker began the quest for the
                  | Orb.
     0 | D:1      | Reached XP level 1. HP: 11/11 MP: 2/2
    95 | D:1      | Reached XP level 2. HP: 12/16 MP: 3/3
   322 | D:1      | Reached skill level 5 in Dodging
  1056 | D:1      | Reached XP level 3. HP: 19/19 MP: 4/4
  1133 | D:2      | Reached skill level 1 in Stealth
  1646 | D:2      | Noticed an ogre
  1684 | D:2      | Reached XP level 4. HP: 20/24 MP: 5/5
  1716 | D:2      | Killed an ogre
  1716 | D:2      | Reached skill level 6 in Dodging
  1716 | D:2      | Reached XP level 5. HP: 12/28 MP: 6/6
  2027 | D:2      | Reached ** piety under Trog
  2051 | D:2      | Found a shattered altar of Ashenzari.
  2553 | D:3      | Found a basalt altar of Yredelemnul.
  2770 | D:3      | Found a runed translucent door.
  2798 | D:3      | Noticed a moth of wrath
  2800 | D:3      | Found a bloodstained altar of Trog.
  2814 | D:3      | Noticed wpisznazwe's ghost (amateur DsGl)
  2931 | D:3      | Reached XP level 6. HP: 29/32 MP: 7/7
  2957 | D:3      | HP: 1/32 [poisoned by a scorpion]
  3096 | D:3      | Found a runed translucent door.
  3303 | D:3      | Reached skill level 5 in Short Blades
  3808 | D:4      | Reached skill level 7 in Dodging
  3808 | D:4      | Reached skill level 5 in Stealth
  3822 | D:4      | Reached XP level 7. HP: 12/37 MP: 8/8
  3884 | D:4      | Slain by an orc

Skill      XL: |  1  2  3  4  5  6 |
---------------+-------------------+-----
Dodging        | 5 6 7 |  7.0
Stealth        | 2 3 5 |  5.1
Short Blades   | 4 5 |  5.3
Fighting       | 3 4 |  4.0

Action                   |  1- 3 |  4- 6 |  7- 9 || total
-------------------------+-------+-------+-------++-------
Melee: Short sword       |   119 |   263 |     9 ||   391
Invok: Berserk           |     6 |     4 |       ||    10
       Trog's Hand       |       |     5 |       ||     5
  Use: Potion            |     2 |       |       ||     2
       Scroll            |       |     3 |       ||     3
 Stab: Sleeping          |       |     9 |       ||     9
       Distracted        |       |     1 |       ||     1
  Eat: Ration            |     2 |     4 |     1 ||     7
Armor: Animal skin       |    10 |    10 |       ||    20
Dodge: Dodged            |    75 |   166 |     6 ||   247
